 Dungeon Crawl Stone Soup version 0.31-a0-803-g95b03c3367 (webtiles) character file.

Game seed: 11279702109767952332

14433 Dirtsage the Cleaver (level 11, -1/87 HPs)
             Began as a Demonspawn Fighter on Sept 21, 2023.
             Was a High Priest of Makhleb.
             Slain by a sun demon (16 damage)
             ... summoned by a kobold demonologist
             ... on level 12 of the Dungeon.
             The game lasted 00:30:05 (10537 turns).

Dirtsage the Cleaver (Demonspawn Fighter)          Turns: 10537, Time: 00:30:06

Health: -1/87      AC: 16    Str: 25    XL:     11   Next: 88%
Magic:  18/18      EV: 11    Int: 15    God:    Makhleb [*****.]
Gold:   665        SH:  5    Dex:  7    Spells: 12/14 levels left

rFire   . . .        f - +9 hammer of the Jolly Shrikes {drain, Str+4 Dex-2}
rCold   . . .        c - +0 buckler
rNeg    . . .        i - +0 troll leather armour
rPois   +            L - +1 hat
rElec   .            D - +0 cloak {Will+}
rCorr   +            H - +0 pair of gloves
SInv    .            J - +1 pair of boots of Lihipp {rPois Int+5 Dex-3 Slay+3}
Will    +....        (no amulet)
Stlth   +            s - +4 ring of protection
HPRegen 1.14/turn    C - ring of resist corrosion
MPRegen 0.16/turn

%: no passive effects
@: slowed, very slow
A: slimy green scales 2, demonic guardian 2, ignite blood 1
a: Renounce Religion, Minor Destruction, Lesser Servant of Makhleb, Major
Destruction, Greater Servant of Makhleb


You were on level 12 of the Dungeon.
You worshipped Makhleb.
Makhleb was extremely pleased with you.
You visited 2 branches of the dungeon, and saw 13 of its levels.

You collected 755 gold pieces.
You spent 90 gold pieces at shops.

Inventory:

Hand Weapons
 a - a +0 war axe
 f - the +9 hammer of the Jolly Shrikes (weapon) {drain, Str+4 Dex-2}
   (You found it on level 2 of the Dungeon)

   Str+4:     It affects your strength (+4).
   Dex-2:     It affects your dexterity (-2).
Missiles
 y - 3 curare-tipped darts
Armour
 b - a +0 scale mail
 c - a +0 buckler (worn)
 i - a +0 troll leather armour (worn)
 D - a +0 cloak of willpower (worn)
 H - a +0 pair of gloves (worn)
 J - the +1 pair of boots of Lihipp (worn) {rPois Int+5 Dex-3 Slay+3}
   (You found it on level 8 of the Dungeon)

   Int+5:     It affects your intelligence (+5).
   Dex-3:     It affects your dexterity (-3).
   Slay+3:    It affects your accuracy & damage with ranged weapons and melee
   (+3).
   rPois:     It protects you from poison
 L - a +1 hat (worn)
Jewellery
 s - a +4 ring of protection (left hand)
 C - a ring of resist corrosion (right hand)
 F - a ring of protection from fire
 M - a +6 ring of intelligence
 W - a ring of wizardry
Wands
 o - a wand of mindburst (6)
 u - a wand of flame (42)
 A - a wand of light (8)
 E - a wand of paralysis (7)
 G - a wand of iceblast (21)
Scrolls
 g - a scroll of fear
 h - 4 scrolls of enchant weapon
 j - 3 scrolls of enchant armour
 k - 5 scrolls of fog
 r - a scroll of amnesia
 t - 4 scrolls of teleportation
 z - a scroll of torment
 B - 3 scrolls of blinking
 I - a scroll of immolation
 K - a scroll of vulnerability
Potions
 d - a potion of might
 e - a potion of invisibility {unknown}
 l - 4 potions of heal wounds
 m - 3 potions of lignification
 n - 2 potions of enlightenment
 p - 3 potions of attraction {unknown}
 q - 5 potions of curing
 v - 2 potions of ambrosia {unknown}
 w - a potion of haste {unknown}
 x - a potion of brilliance {unknown}
 N - a potion of berserk rage {unknown}


   Skills:
 + Level 8.3 Fighting
 * Level 14.1 Axes
 + Level 4.4 Armour
 + Level 3.1 Dodging
 + Level 7.5 Shields
 + Level 2.2 Spellcasting
 + Level 3.1 Transmutations
 + Level 9.9 Invocations


You had 12 spell levels left.
You knew the following spells:

 Your Spells              Type           Power      Damage    Failure   Level
a - Wereblood             Tmut           11%        N/A       12%         2

Your spell library contained the following spells:

 Spells                   Type           Power      Damage    Failure   Level
 Summon Small Mammal      Summ           4%         N/A       28%         1
 Cigotuvi's Dreadful Rot  Necr/Pois/Air  2%         N/A       41%         2
 Sublimation of Blood     Necr           1%         N/A       41%         2
 Ignite Poison            Fire/Tmut/Pois 4%         N/A       50%         3
 Call Canine Familiar     Summ           1%         N/A       65%         3
 Dazzling Flash           Conj/Hex       2%         N/A       65%         3
 Stone Arrow              Conj/Erth      2%         3d7       65%         3
 Summon Guardian Golem    Hex/Summ       1%         N/A       65%         3
 Tukima's Dance           Hex            1%         N/A       65%         3
 Volatile Blastmotes      Fire/Tloc      2%         2d10      65%         3
 Animate Armour           Summ/Erth      2%         N/A       96%         4
 Dimensional Bullseye     Hex/Tloc       0%         N/A       96%         4
 Iskenderun's Mystic Bla  Conj/Tloc      1%         2d3       96%         4
 Freezing Cloud           Conj/Ice/Air   0%         6-21      100%        5
 Starburst                Conj/Fire      0%         6d3       100%        6
 Summon Hydra             Summ           0%         N/A       100%        7
 Lehudib's Crystal Spear  Conj/Erth      0%         10d2      100%        8
 Maxwell's Capacitive Co  Air            0%         ∞         100%        8


Dungeon Overview and Level Annotations

Branches:
Dungeon (12/15)            Temple (1/1) D:6            Lair (0/5) D:10
    Orc: D:9-12

Altars:
Ashenzari
Cheibriados
Dithmenos
Fedhas
Gozag
Hepliaklqana
Kikubaaqudgha
Makhleb
Nemelex Xobeh
Okawaru
Qazlal
Ru
Sif Muna
Trog
Uskayaw
Vehumet
Wu Jian
Xom
Yredelemnul

Shops:
D:2 (:=!   D:3 *?*

Annotations:
D:6 1 runed translucent door, Vorhees's ghost, novice OpSh
D:10 2 transporters, WhatIsLove's ghost, novice DjFE


Innate Abilities, Weirdness & Mutations

You are mostly covered in slimy green scales. (AC +3)
A demonic guardian rushes to your aid.
Your demonic aura sometimes causes spilled blood to erupt in flames.


Message History

You regained 2 hp, and now have 69/87 hp.
You sock the wraith!
The wraith is almost destroyed.
The wraith misses you.
You hit the wraith.
You destroy the wraith!
Makhleb accepts your kill.
You feel better.
The kobold demonologist looks encouraged for a moment.
The smoke demon gestures at you. Something smites you!
You take 2 damage, and have 68/87 hp.
The kobold demonologist barely misses you.
You regained 2 hp, and now have 70/87 hp.
You hit the sun demon.
The sun demon is lightly wounded.
The sun demon hits you but does no damage.
You hit the sun demon.
The sun demon is lightly wounded.
The sun demon hits you but does no damage. x2
You regained 2 hp, and now have 73/87 hp.
You closely miss the sun demon.
The sun demon is lightly wounded.
The sun demon hits you!!
You are engulfed in flames!
A demonic guardian appears!
The sun demon closely misses you.
You take 28 damage, and have 45/87 hp.
MASSIVE DAMAGE!!
You closely miss the sun demon.
The sun demon is lightly wounded.
The sun demon barely misses you.
Your orange demon stings the sun demon but does no damage.
You block the sun demon's attack.
You sock the sun demon!
The sun demon is lightly wounded.
The sun demon hits you!
You are engulfed in flames!
* * * LOW HITPOINT WARNING * * *
Your orange demon closely misses the sun demon.
The sun demon hits you!
* * * LOW HITPOINT WARNING * * *
You are engulfed in flames!
You die...

###
#4#
#@#
#3#
#K#
.3#
###


You could see a sun demon (summoned, ally target), a kobold demonologist, a
smoke demon (summoned) and a friendly orange demon (summoned).

Vanquished Creatures
  Josephine (D:10)
  A centaur warrior (D:8)
  A death yak (D:10)
  A two-headed ogre (D:9)
  Sonja (D:10)
  A manticore (D:11)
  An ugly thing (D:10)
  Maurice (D:8)
  A hornet (D:10)
  Grinder (D:5)
  3 trolls
  2 polar bears (D:8)
  3 wyverns
  6 wraiths
  8 yaks
  5 steam dragons
  2 water moccasins
  An orc warrior (D:9)
  3 black bears
  7 ice beasts
  3 sky beasts
  2 wolves (D:8)
  3 centaurs
  2 ogres
  A phantom (D:5)
  6 kobold brigands
  4 bullfrogs
  2 gnoll sergeants
  A scorpion (D:6)
  12 wights
  9 killer bees
  3 electric eels (D:8)
  8 howler monkeys
  6 hounds
  2 jellies
  A gnoll bouda (D:6)
  3 orc priests (D:6)
  Crazy Yiuf (D:2)
  2 sleepcaps
  4 iguanas
  13 orc wizards
  A centaur simulacrum (D:8)
  Robin (D:2)
  6 adders
  16 gnolls
  5 white imps
  3 ufetubi
  A worm (D:2)
  2 dart slugs (D:3)
  32 orcs
  6 bats
  6 endoplasms
  5 giant cockroaches
  16 goblins
  7 hobgoblins
  4 jackals (D:4)
  2 quokkas
  11 ball pythons
  14 frilled lizards
  34 kobolds
  5 rats
315 creatures vanquished.

Vanquished Creatures (collateral kills)
  2 ice beasts (D:8)
  A wight (D:7)
  A kobold (D:9)
4 creatures vanquished.

Grand Total: 319 creatures vanquished

Notes
Turn   | Place    | Note
-------+----------+-------------------------------------------
     0 | D:1      | Dirtsage the Demonspawn Fighter began the quest for the
                  | Orb.
     0 | D:1      | Reached XP level 1. HP: 18/18 MP: 1/1
    68 | D:1      | Reached skill level 2 in Axes
   257 | D:1      | Gained mutation: You are partially covered in slimy green
                  | scales. (AC +2) [demonic ancestry]
   257 | D:1      | Reached XP level 2. HP: 14/24 MP: 2/2
   630 | D:1      | Reached skill level 3 in Axes
   798 | D:2      | Found Alonuach's Distillery.
   809 | D:2      | Bought a potion of curing for 33 gold pieces
   823 | D:2      | Gained mutation: You are mostly covered in slimy green
                  | scales. (AC +3) [demonic ancestry]
   823 | D:2      | Reached XP level 3. HP: 29/29 MP: 3/3
   961 | D:2      | Identified the +9 hammer of the Jolly Shrikes {drain, Str+4
                  | Dex-2}
  1038 | D:2      | Reached skill level 4 in Axes
  1044 | D:2      | Noticed Robin
  1056 | D:2      | Killed Robin
  1061 | D:2      | Reached XP level 4. HP: 20/35 MP: 4/4
  1163 | D:2      | Found Noduky's Jewellery Emporium.
  1244 | D:2      | Found Xehupuv's Antique Weapon Shoppe.
  1261 | D:2      | Reached skill level 5 in Axes
  1308 | D:2      | Found Veseffil's Book Shop.
  1514 | D:2      | Found a runed translucent door.
  1515 | D:2      | Noticed Crazy Yiuf
  1520 | D:2      | Killed Crazy Yiuf
  1660 | D:3      | Reached skill level 6 in Axes
  1660 | D:3      | Gained mutation: Your demonic aura sometimes causes spilled
                  | blood to erupt in flames. [demonic ancestry]
  1660 | D:3      | Reached XP level 5. HP: 41/41 MP: 5/5
  1978 | D:3      | Found Eligab's Assorted Antiques.
  1998 | D:3      | Found Herreq's Magic Scroll Shop.
  2006 | D:3      | Bought a scroll of identify for 24 gold pieces
  2252 | D:3      | Found Xegheimi's General Store.
  2260 | D:3      | Bought a scroll of teleportation for 33 gold pieces
  2656 | D:4      | Identified the +7 mace "Heigeq" {freeze, Str+3 Stlth+}
  2733 | D:4      | Reached skill level 7 in Axes
  2754 | D:4      | Found an ancient bone altar of Kikubaaqudgha.
  2756 | D:4      | Found a broken altar of Ashenzari.
  2762 | D:4      | Found a blossoming altar of Fedhas.
  2762 | D:4      | Found a shadowy altar of Dithmenos.
  2807 | D:4      | Gained mutation: A weak demonic guardian rushes to your
                  | aid. [demonic ancestry]
  2807 | D:4      | Reached XP level 6. HP: 44/47 MP: 6/6
  2875 | D:4      | Found a burning altar of Makhleb.
  2931 | D:4      | Became a worshipper of Makhleb the Destroyer
  3015 | D:4      | Found a bloodstained altar of Trog.
  3089 | D:4      | Reached skill level 8 in Axes
  3089 | D:4      | Reached skill level 1 in Invocations
  3518 | D:5      | Entered Level 5 of the Dungeon
  3533 | D:5      | Noticed Grinder
  3565 | D:5      | Killed Grinder
  3566 | D:5      | Reached XP level 7. HP: 34/52 MP: 8/8
  3758 | D:5      | Reached * piety under Makhleb
  3759 | D:5      | Reached skill level 9 in Axes
  4398 | D:5      | Reached XP level 8. HP: 52/60 MP: 10/10
  4481 | D:6      | Reached skill level 10 in Axes
  4596 | D:6      | Found a staircase to the Ecumenical Temple.
  4605 | Temple   | Entered the Ecumenical Temple
  4699 | D:6      | Found a runed translucent door.
  4708 | D:6      | Noticed Vorhees's ghost (novice OpSh)
  4715 | D:6      | Reached skill level 5 in Fighting
  4715 | D:6      | Reached skill level 5 in Invocations
  4750 | D:6      | Reached ** piety under Makhleb
  4751 | D:6      | Reached skill level 11 in Axes
  5102 | D:6      | Reached XP level 9. HP: 63/68 MP: 13/13
  5464 | D:7      | Reached skill level 5 in Shields
  6028 | D:7      | Reached skill level 12 in Axes
  6516 | D:8      | Reached *** piety under Makhleb
  6700 | D:8      | Noticed a polar bear
  6702 | D:8      | Noticed a polar bear
  6702 | D:8      | Noticed Maurice
  6734 | D:8      | Killed a polar bear
  6735 | D:8      | Reached XP level 10. HP: 77/77 MP: 15/15
  6738 | D:8      | Paralysed by something for 3 turns
  6743 | D:8      | Killed Maurice
  7122 | D:8      | Reached skill level 13 in Axes
  7327 | D:8      | Noticed a centaur warrior
  7590 | D:8      | Identified the +1 pair of boots of Lihipp {rPois Int+5
                  | Dex-3 Slay+3}
  7607 | D:8      | Learned a level 2 spell: Wereblood
  7623 | D:8      | Killed a centaur warrior
  7723 | D:8      | Reached skill level 1 in Transmutations
  7966 | D:8      | Found a radiant altar of Vehumet.
  8049 | D:8      | Reached skill level 1 in Dodging
  8174 | D:9      | Reached **** piety under Makhleb
  8249 | D:9      | Noticed a two-headed ogre
  8275 | D:9      | Gained mutation: A demonic guardian rushes to your aid.
                  | [demonic ancestry]
  8275 | D:9      | Reached XP level 11. HP: 20/83 MP: 17/17
  8508 | D:9      | Found a sacrificial altar of Ru.
  8604 | D:9      | Identified the +0 spear "Wewnoo Foudu" {protect, rN+ SInv}
  8621 | D:9      | Killed a two-headed ogre
  9123 | D:10     | Entered Level 10 of the Dungeon
  9229 | D:10     | Reached skill level 1 in Spellcasting
  9272 | D:10     | Found a transporter.
  9279 | D:10     | Found a transporter.
  9283 | D:10     | Noticed WhatIsLove's ghost (novice DjFE)
  9383 | D:10     | Found a staircase to the Lair.
  9383 | D:10     | Noticed a death yak
  9398 | D:10     | Killed a death yak
  9478 | D:10     | Noticed Josephine
  9479 | D:10     | Noticed Sonja
  9488 | D:10     | Killed Josephine
  9502 | D:10     | Reached skill level 14 in Axes
  9526 | D:10     | Killed Sonja
  9531 | D:10     | Noticed a green ugly thing
  9540 | D:10     | Killed a green ugly thing
  9540 | D:10     | Reached ***** piety under Makhleb
 10078 | D:10     | Saving game... please wait.
 10500 | D:11     | Noticed a soul eater
 10522 | D:11     | Noticed a soul eater
 10530 | D:12     | Noticed a sun demon
 10537 | D:12     | Slain by a sun demon

Illustrated notes

Levels and vault maps discovered:
D:1:      psy_arrival_dodecagon, layout_loops_ring, minmay_misc_feat_x,
          corexii_item_surrounded_by_moat, kennysheep_minor_cross,
          nicolae_kite_square_tiling_tiny, kennysheep_small_spiral,
          st_stairs_12, minmay_shallow_snake_nest
D:2:      layout_loops_ring, serial_shops,
          nicolae_shop_competitors_out_of_business, nicolae_shop_gaudy_bauble,
          shop, nicolae_book_shop_shelving, dreamdust_princess_bridge,
          uniq_crazy_yiuf_cottage, uniq_robin
D:3:      layout_loops_ring, serial_shops, nicolae_shop_hallway_stairs,
          nicolae_shop_trees, shop, nicolae_eternal_life,
          minmay_randomly_rotated_circles
D:4:      layout_loops_ring, grunt_temple_overflow_open, kennysheep_mini,
          trog_antimagical, minmay_lizard_king
D:5:      layout_cave_pods, nicolae_elevator_lobby_asterisk, uniq_grinder
D:6:      layout_basic, minmay_temple_entry_waves, ebering_ghost_sewer_d,
          grunt_ministairs_6, kennysheep_small_square
D:7:      layout_cave_pods, nicolae_houndstooth_variations
D:8:      minmay_bloctagon, layout_basic,
          mainiacjoe_overflow_concentric_impassable, serial_ice, serial_ice_e,
          serial_ice_l, serial_ice_n, serial_ice_d, serial_ice_o, serial_ice_f,
          uniq_maurice
D:9:      kennysheep_steamy, layout_cave_pools, nicolae_ru_sacrificial_ziggurat,
          serial_bayou_pond_e
D:10:     layout_cave_pods, david_lair_generic, serial_column_ruins,
          column_ruins_open_tiny_water, column_ruins_columns_straight,
          column_ruins_open_small, column_ruins_grid_4, column_ruins_grid_1,
          gammafunk_ghost_berserking_beasts, uniq_sonja, uniq_josephine
D:11:     layout_grid_maze, enter_trove_3, minmay_misc_feat_cross
D:12:     layout_basic, kennysheep_orc_monster_closet_entryway, special_room
          [special_room_orc]
Temple:   nicolae_temple_figure_eight

Skill      XL: |  1  2  3  4  5  6  7  8  9 10 11 |
---------------+----------------------------------+-----
Axes           | 2 3 4 6 7 8 9 11 12 13 14 | 14.1
Invocations    | 2 3 5 7 9 |  9.9
Shields        | 3 4 6 7 |  7.5
Fighting       | 4 5 6 7 8 |  8.3
Transmutations | 1 3 |  3.1
Armour         | 3 4 |  4.4
Dodging        | 1 3 |  3.1
Spellcasting   | 2 |  2.2

Action                     |  1- 3 |  4- 6 |  7- 9 | 10-12 || total
---------------------------+-------+-------+-------+-------++-------
  Melee: War axe           |    89 |       |    25 |    63 ||   177
         Mace              |    16 |   141 |   252 |   240 ||   649
  Evoke: Wand              |       |       |     1 |     7 ||     8
    Use: Scroll            |       |     7 |       |     9 ||    16
         Potion            |       |       |     1 |       ||     1
   Stab: Invisible         |       |       |       |     3 ||     3
         Paralysed         |       |       |       |     3 ||     3
 Armour: Scale mail        |    81 |    90 |   253 |   195 ||   619
         Skin              |       |       |     7 |     5 ||    12
         Troll leather arm |       |       |       |    74 ||    74
  Dodge: Dodged            |    56 |    73 |   157 |   126 ||   412
  Block: Buckler           |    17 |    26 |    81 |    78 ||   202

Table legend: (Time is in decaauts)
 A = Elapsed time spent in this place.
 B = Non-inter-level travel time spent in this place.
 C = Inter-level travel time spent in this place.
 D = Time resting spent in this place.
 E = Time spent auto-exploring this place.
 F = Levels seen in this place.
 G = Mean time per level.
                   A        B        C        D        E       F      G
               +--------+--------+--------+--------+--------+-----+--------+
         Total |  10638 |  10209 |    429 |    780 |   7518 |  13 |  818.3 |
       Dungeon |  10636 |  10207 |    429 |    780 |   7518 |  12 |  886.3 |
        Temple |      1 |      1 |      0 |      0 |      0 |   1 |    1.0 |
               +--------+--------+--------+--------+--------+-----+--------+

Top non-repeatable levels by time:
     D:8: 1645 daAuts
     D:7: 1129 daAuts
     D:3: 1055 daAuts
     D:9: 1023 daAuts
    D:10: 1016 daAuts
     D:5: 953 daAuts
     D:4: 899 daAuts
     D:6: 871 daAuts
     D:2: 815 daAuts
     D:1: 813 daAuts
    D:11: 375 daAuts
    D:12: 37 daAuts
  Temple: 1 daAuts
